[Event "Live Chess"]
[Site "Chess.com"]
[Date "2023.09.16"]
[Round "-"]
[White "lucasbezerraja"]
[Black "Ggavioli"]
[Result "1/2-1/2"]
[WhiteElo "1791"]
[BlackElo "1558"]
[TimeControl "900+5"]
[EndTime "7:34:09 PDT"]
[Termination "Partida empatada - material insuficiente"]

1. e4 c6 2. d4 d5 3. e5 Bf5 4. Bd3 Bxd3 5. Qxd3 e6 6. Nf3 Nd7 7. Bf4 Ne7 8. c4 Nb6 9. cxd5 Nbxd5 10. Bd2 Nf5 11.
Nc3 Bb4 12. Nxd5 Bxd2+ 13. Qxd2 Qxd5 14. O-O O-O 15. Rac1 Rad8 16. Rfd1 b6 17. b4 Rd7 18.
Qc3 Rc8 19. h3 h6 20. Qc2 Qb5 21. Qb3 c5 22. bxc5 Qxb3 23. axb3 bxc5 24. dxc5 Rxd1+ 25. Rxd1 Rxc5 26. Rd7 a5 27. g4 Rc3 28. Kg2 Rxb3 29. gxf5 exf5 30. Rd8+ Kh7 31. Rd7 Kg8 32. Rd1 a4 33.
Nd4 Rb4 34. Nxf5 a3 35. Ra1 Ra4 36. Ne3 Kf8 37. Nc2 a2 38. Kf3 Ke7 39. Ne3 Ke6 40.
Nd1 Ra3+ 41. Ke4 Rxh3 42. Rxa2 Rh4+ 43. f4 g5 44. Ra6+ Ke7 45. Ra7+ Ke6 46. Ra6+ Ke7 47.
Rf6 gxf4 48. Rxf4 Rxf4+ 49. Kxf4 Ke6 50. Nf2 f6 51. exf6 Kxf6 52. Ng4+ Kg6 53. Nxh6 1/2-1/2

[Event "Live Chess"]
[Site "Chess.com"]
[Date "2023.09.16"]
[Round "-"]
[White "P3treis"]
[Black "GabrielGGCF"]
[Result "1-0"]
[WhiteElo "919"]
[BlackElo "1382"]
[TimeControl "900+5"]
[EndTime "7:34:19 PDT"]
[Termination "P3treis venceu por desistência"]

1. e4 e5 2. Nf3 Nc6 3. Bc4 Nd4 4.
Nxd4 exd4 5. c3 Qh4 6. d3 c5 7. O-O Bd6 8. g3 Qh3 9. Qf3 Nf6 10. Nd2 O-O 11. cxd4 cxd4 12. Qf5 Ng4 13. Nf3 a6 14.
Bf4 Bxf4 15. Qxf4 b5 16. Bd5 Rb8 17. Qxb8 d6 18. Rac1 Be6 19. Qxd6 h5 20. Bxe6 fxe6 21. Qxe6+ Kh7 22. Ng5+ 1-0

[Event "Live Chess"]
[Site "Chess.com"]
[Date "2023.09.16"]
[Round "-"]
[White "danilo655"]
[Black "VIAJEMCENTRODATERRA"]
[Result "0-1"]
[WhiteElo "729"]
[BlackElo "2011"]
[TimeControl "900+5"]
[EndTime "7:34:54 PDT"]
[Termination "VIAJEMCENTRODATERRA venceu por desistência"]

1. e4 c6 2. d4 d5 3. Nc3 dxe4 4. Nxe4 Nf6 5. Nxf6+ exf6 6. Be3 Bd6 7. Qd3 O-O 8. O-O-O Bg4 9. f3 Bh5 10. Be2 Re8 11. g4 Bg6 12. Qb3 Qc7 13. f4 Rxe3 14. Qxe3 Bxf4 15. Qxf4 Qxf4+ 16. Kb1 Qe4 17. Bd3 Qxh1 18.
Kc1 Bxd3 19. cxd3 Qxh2 20. a3 Nd7 21. Kb1 Qd6 22. Nf3 Re8 0-1

[Event "Live Chess"]
[Site "Chess.com"]
[Date "2023.09.16"]
[Round "-"]
[White "Giulliajapa007"]
[Black "ArthurMPRJ"]
[Result "0-1"]
[WhiteElo "1004"]
[BlackElo "1395"]
[TimeControl "900+5"]
[EndTime "7:35:05 PDT"]
[Termination "ArthurMPRJ venceu por xeque-mate"]

1. e4 c5 2. Nf3 e6 3. Nc3 a6 4.
b3 b5 5. Bb2 Bb7 6. Ne2 Bxe4 7.
d3 Bxf3 8. gxf3 Nc6 9. Qd2 Nf6 10. O-O-O d5 11. Kb1 Rb8 12. Nf4 Bd6 13. Be2 Qc7 14. Rhg1 Bxf4 15. Qe1 c4 16. Rxg7 Be5 17. Bxe5 Qxe5 18.
Rg2 Nd4 19. f4 Qxe2 20. Qxe2 Nxe2 21. Re1 Nd4 22. Rg5 Nf3 23. Rgg1 Nxe1 24. Rxe1 Kd7 25. dxc4 bxc4 26. Kb2 Rhg8 27. a3 Rg2 28. f3 Rxh2 29. b4 h5 30. Kc3 h4 31. a4 h3 32. b5 axb5 33. a5 Rg2 34. Kb4 h2 35. Rh1 Rh8 36. a6 Rg1 37. Rxh2 Rxh2 38. a7 Ra1 39.
Kxb5 Rxa7 40. Kb6 Ra3 41. Kc5 Rxc2 42. Kd4 Rd2+ 43. Ke5 c3 44. Kxf6 c2 45. Kxf7 c1=Q 46. Kg6 Rxf3 47. Kf7 Rxf4+ 48. Kg6 Rg2+ 49. Kh5 Qh1# 0-1

[Event "Live Chess"]
[Site "Chess.com"]
[Date "2023.09.16"]
[Round "-"]
[White "Mozart5501"]
[Black "Edson_Zarnelli"]
[Result "1-0"]
[WhiteElo "1784"]
[BlackElo "785"]
[TimeControl "900+5"]
[EndTime "7:35:52 PDT"]
[Termination "Mozart5501 venceu por desistência"]

1. e4 e5 2. Nf3 Nc6 3. d4 exd4 4. Bc4 Bc5 5. c3 dxc3 6. Bxf7+ Kxf7 7. Qd5+ Ke8 8. Qh5+ g6 9. Qxc5 cxb2 10. Bxb2 b6 11. Qc3 Qf6 12. Qxf6 Nxf6 13. Bxf6 Rf8 14. e5 d6 15. Bg7 Rf5 16. exd6 cxd6 17. O-O Ba6 18. Re1+ Ne5 19. Nxe5 dxe5 20. Rxe5+ Rxe5 21. Bxe5 Rd8 22. Nc3 Rd3 23. Re1 Kd7 24. g3 Rd2 25. Rd1 Rxd1+ 26. Nxd1 Be2 27. Ne3 Ke6 28. Bc3 Kd6 29. a3 Kc5 30.
Bb4+ Kb5 31. f4 a5 32. Bc3 a4 33. Kf2 Bc4 34. Nxc4 Kxc4 35. Bb4 Kb3 36. Ke3 Kc4 37. Ke4 b5 38. f5 gxf5+ 39. Kxf5 Kd4 40. g4 Ke3 41. h4 Kf3 42. g5 Kg3 43. h5 Kh4 44. g6 hxg6+ 45. hxg6 Kh5 46. g7 Kh6 47. g8=Q 1-0

[Event "Live Chess"]
[Site "Chess.com"]
[Date "2023.09.16"]
[Round "-"]
[White "Ggavioli"]
[Black "Abofado"]
[Result "1-0"]
[WhiteElo "1558"]
[BlackElo "573"]
[TimeControl "900+5"]
[EndTime "7:36:00 PDT"]
[Termination "Ggavioli venceu por xeque-mate"]

1. e4 c6 2. Nf3 d5 3. exd5 cxd5 4. d4 e5 5. dxe5 Qb6 6. Nc3 f6 7. Nxd5 fxe5 8. Nxb6 axb6 9. Nxe5 Nf6 10. Bb5+ Bd7 11. Bxd7+ Nfxd7 12. Nxd7 Nxd7 13. Qe2+ Ne5 14. Qxe5+ Be7 15.
Bg5 O-O-O 16. Bxe7 Rde8 17. Qe6+ Kc7 18. O-O-O h5 19.
Qd6+ Kc8 20. Qd7+ Kb8 21. Bd6+ Ka7 22. Qa4# 1-0

[Event "Live Chess"]
[Site "Chess.com"]
[Date "2023.09.16"]
[Round "-"]
[White "xadrecarloso"]
[Black "augustodemoraisrocha"]
[Result "0-1"]
[WhiteElo "935"]
[BlackElo "1466"]
[TimeControl "900+5"]
[EndTime "7:36:24 PDT"]
[Termination "augustodemoraisrocha venceu por desistência"]

1. d4 d5 2. Bf4 Nc6 3. e3 e6 4.
Nf3 Bd6 5. Bg3 Bxg3 6. hxg3 Nf6 7. Bd3 Bd7 8. Nbd2 Qe7 9. Qe2 e5 10. dxe5 Nxe5 11. Nxe5 Qxe5 12. f4 Qxb2 13. Rb1 Qxa2 14. Rxb7 O-O 15. Bxh7+ Nxh7 16. Kf2 f6 17. Qh5 Qxc2 18.
Qxh7+ Qxh7 19. Rxh7 Kxh7 20. Rxc7 Bb5 21. e4 dxe4 22.
Nxe4 Rfc8 23. Rxc8 Rxc8 24. Nd6 Rc5 25. g4 Bc6 26. g5 fxg5 27. fxg5 Rc2+ 28. Kg3 Rxg2+ 29.
Kf4 a5 30. Kf5 a4 31. Ne4 Bxe4+ 32. Kxe4 Rxg5 33. Kf4 Rg6 0-1

[Event "Live Chess"]
[Site "Chess.com"]
[Date "2023.09.16"]
[Round "-"]
[White "gu1c0rrea"]
[Black "daniel-drummond"]
[Result "0-1"]
[WhiteElo "809"]
[BlackElo "1546"]
[TimeControl "900+5"]
[EndTime "7:36:59 PDT"]
[Termination "daniel-drummond venceu por xeque-mate"]

1. e4 e5 2. Nf3 Nc6 3. Bb5 Nf6 4. Qe2 d6 5. O-O a6 6. Ba4 b5 7. Bb3 Be7 8. d3 O-O 9. c3 Na5 10. Bc2 c5 11. d4 Bg4 12. h3 Bxf3 13. Qxf3 Qc7 14.
dxe5 dxe5 15. Qd3 Rad8 16. Qg3 Qc6 17. Bh6 Nh5 18. Qg4 Qxh6 19. Qe2 Nf4 20. Qg4 Nc4 21. g3 Ng6 22. f4 exf4 23. gxf4 Ne3 24. Qf3 Nxc2 25.
f5 Ne5 26. Qe2 Nxa1 27. Na3 Qxh3 28. Rxa1 Nf3+ 29. Kf2 Rd2 30. Qxd2 Nxd2 31. Ke2 Bg5 32. c4 Qe3+ 33. Kd1 Rd8 34. Kc2 Qd3+ 35. Kd1 Nxc4+ 36. Ke1 Bh4# 0-1

[Event "Live Chess"]
[Site "Chess.com"]
[Date "2023.09.16"]
[Round "-"]
[White "kslusk"]
[Black "Francisco_Ferrari"]
[Result "0-1"]
[WhiteElo "854"]
[BlackElo "2178"]
[TimeControl "900+5"]
[EndTime "7:37:06 PDT"]
[Termination "Francisco_Ferrari venceu por desistência"]

1. e4 e5 2. Nf3 Nc6 3. Bc4 Nf6 4.
d3 Be7 5. Nc3 O-O 6. O-O d6 7.
Nd5 Nxd5 8. Bxd5 Kh8 9. Bxc6 bxc6 10. d4 exd4 11. Qxd4 Bf6 12. Qd3 a5 13. Rd1 Qe7 14. e5 dxe5 15. Re1 Ba6 16. Qe3 Rad8 17. Nxe5 Bxe5 18. Qxe5 Qxe5 0-1

[Event "Live Chess"]
[Site "Chess.com"]
[Date "2023.09.16"]
[Round "-"]
[White "ravypintodiniz"]
[Black "lucasportolelis"]
[Result "1-0"]
[WhiteElo "2053"]
[BlackElo "1685"]
[TimeControl "900+5"]
[EndTime "7:38:07 PDT"]
[Termination "ravypintodiniz venceu por desistência"]

1. e4 e5 2. Nf3 Nc6 3. Bb5 a6 4.
Ba4 Nf6 5. O-O b5 6. Bb3 Nxe4 7. Re1 d5 8. d3 Nf6 9. Bg5 h6 10.
Bxf6 gxf6 11. Nc3 Be6 12. Ne2 Na5 13. Ng3 c5 14. c3 Nxb3 15. axb3 h5 16. Nh4 d4 17.
Nxh5 Bh6 18. Qf3 Bg5 19. Ng7+ Kf8 20. Nxe6+ fxe6 21. Ng6+ Kg7 22. Nxh8 Qxh8 23. Qb7+ Kg6 24. Rxa6 Rb8 25. Qe4+ Kf7 26. Ra7+ Kg8 27. Qg6+ 1-0

[Event "Live Chess"]
[Site "Chess.com"]
[Date "2023.09.16"]
[Round "-"]
[White "migu345"]
[Black "GabrielGGCF"]
[Result "0-1"]
[WhiteElo "989"]
[BlackElo "1384"]
[TimeControl "900+5"]
[EndTime "7:38:37 PDT"]
[Termination "GabrielGGCF venceu por desistência"]

1. e4 e5 2. Nf3 Nc6 3. Bc4 Nd4 4.
Nxd4 exd4 5. d3 Bb4+ 6. Bd2 Bxd2+ 7. Nxd2 Nf6 8. Nb3 d5 9. Bb5+ c6 10. Ba4 b5 11. Nxd4 bxa4 12. Nxc6 Qb6 13. Ne5 Qxb2 14. exd5 Qxe5+ 15. Qe2 Qxe2+ 16. Kxe2 O-O 0-1

[Event "Live Chess"]
[Site "Chess.com"]
[Date "2023.09.16"]
[Round "-"]
[White "icarohm"]
[Black "MateusLuan08"]
[Result "1-0"]
[WhiteElo "1879"]
[BlackElo "1561"]
[TimeControl "900+5"]
[EndTime "7:38:39 PDT"]
[Termination "icarohm venceu por desistência"]

1. e4 e6 2. d4 d5 3. Nd2 Nf6 4. e5 Nfd7 5. f4 c5 6. c3 Nc6 7. Bb5 cxd4 8. Bxc6 bxc6 9. cxd4 c5 10. Ndf3 cxd4 11.
Nxd4 Bc5 12. Ngf3 O-O 13. O-O Nb6 14. Kh1 Bb7 15. Be3 Nc4 16. Bg1 Nxb2 17. Qb3 Qb6 18. Rab1 Nc4 19. Qc2 Qa6 20. Ng5 g6 21. h4 Na3 22. Qxc5 Nxb1 23. Rxb1 Rfc8 24. Qe7 Rf8 25. Rxb7 Rab8 26. Rxb8 Rxb8 1-0

[Event "Live Chess"]
[Site "Chess.com"]
[Date "2023.09.16"]
[Round "-"]
[White "fernanndodod"]
[Black "Froidastics"]
[Result "0-1"]
[WhiteElo "1943"]
[BlackElo "1978"]
[TimeControl "900+5"]
[EndTime "7:39:41 PDT"]
[Termination "Froidastics venceu por desistência"]

1. e4 c5 2. Nf3 d6 3. d4 cxd4 4. Nxd4 Nf6 5. Nc3 a6 6. Bg5 e6 7. Be2 Be7 8. O-O O-O 9. Kh1 b5 10. f4 Bb7 11. Bf3 Nbd7 12. e5 Bxf3 13. Nxf3 dxe5 14.
fxe5 Nd5 15. Nxd5 Bxg5 16. Nc3 Be7 17. Qe2 Rc8 18. Rad1 Qc7 19. Rd2 Bb4 20. Rfd1 Rfd8 21. Qe3 Nb6 22. Rxd8+ Rxd8 23. Rxd8+ Qxd8 24. h3 Nc4 25. Qc1 Qc7 26. a3 Bxc3 27. bxc3 Nxe5 28. Nxe5 Qxe5 29.
Qd1 g6 30. Qd8+ Kg7 31. Qc8 Qd6 32. a4 bxa4 33. Qc4 a3 34. Qb3 Qd1+ 35. Kh2 Qa1 0-1

[Event "Live Chess"]
[Site "Chess.com"]
[Date "2023.09.16"]
[Round "-"]
[White "daniel-drummond"]
[Black "augustodemoraisrocha"]
[Result "1-0"]
[WhiteElo "1552"]
[BlackElo "1460"]
[TimeControl "900+5"]
[EndTime "7:39:45 PDT"]
[Termination "daniel-drummond venceu por desistência"]

1. e4 e5 2. Nf3 Nc6 3. Bb5 Nf6 4.
O-O a6 5. Ba4 b5 6. Bb3 d5 7.
exd5 Nxd5 8. Re1 f6 9. c3 Bg4 10.
d4 Bxf3 11. Qxf3 Nce7 12. dxe5 fxe5 13. Bg5 Nb6 14. Qf7+ Kd7 15. Rd1+ 1-0

[Event "Live Chess"]
[Site "Chess.com"]
[Date "2023.09.16"]
[Round "-"]
[White "AlphaKaua10"]
[Black "Mika635Isa"]
[Result "1-0"]
[WhiteElo "1078"]
[BlackElo "531"]
[TimeControl "900+5"]
[EndTime "7:39:56 PDT"]
[Termination "AlphaKaua10 venceu por desistência"]

1. d4 d5 2. c4 dxc4 3. Qa4+ Bd7 4. Qxc4 Nf6 5. Nf3 b5 6. Qd3 e6 7. g3 Bb4+ 8. Bd2 Bxd2+ 9. Nbxd2 O-O 10. Bg2 b4 11.
Ne5 Nc6 12. Nxc6 Bxc6 13. Bxc6 Rb8 14. O-O Rb6 15. Bg2 a5 16. Rac1 e5 17. dxe5 Qxd3 18.
exd3 Nd7 19. Rxc7 Nxe5 20. d4 Nd3 21. b3 Re6 22. f4 Rfe8 23. Bd5 R6e7 24. Rxe7 Rxe7 25.
Nc4 Re2 26. Ne5 Nxe5 27. fxe5 Rxa2 28. Bxf7+ Kf8 29. Bg6+ Ke7 30. Bxh7 a4 31. bxa4 b3 32. d5 b2 33. d6+ Kd8 34. e6 Ra1 35. e7+ Kd7 36.
Bb1 g6 37. a5 Rxa5 38. Rf8 Re5 39. Bxg6 Re1+ 40. Kf2 Re6 41. e8=Q+ Rxe8 42. Rxe8 Kxd6 43. Re2 b1=Q 44. Bxb1 1-0

[Event "Live Chess"]
[Site "Chess.com"]
[Date "2023.09.16"]
[Round "-"]
[White "NavarroChess09"]
[Black "Samueeeseeel"]
[Result "0-1"]
[WhiteElo "1328"]
[BlackElo "929"]
[TimeControl "900+5"]
[EndTime "7:40:12 PDT"]
[Termination "Samueeeseeel venceu por desistência"]

1. d4 Nf6 2. Nf3 g6 3. Bg5 Bg7 4. Bxf6 Bxf6 5. e4 Kf8 6. e5 Bg7 7. Bc4 e6 8. O-O Ke7 9. Qd2 Re8 10. Qg5+ Kf8 11. Qg3 Kg8 12. Ng5 h6 13. Ne4 d5 14.
Nf6+ Bxf6 15. exf6 dxc4 16. Qh4 Kh7 17. f4 Rg8 18.
Nc3 g5 19. fxg5 Rxg5 20. Ne4 Rf5 21. Rxf5 exf5 22. Ng3 Nc6 23. Nh5 Qxd4+ 24. Qf2 Qxf2+ 25. Kxf2 Nd4 26. Rd1 Nxc2 27. Rd8 Kg6 28. Ng3 Kxf6 29. Rh8 Kg7 30. Re8 Nd4 31. Rd8 Nc6 32. Re8 f6 33. Nxf5+ Kf7 34. Rh8 Ne7 35. Rh7+ Ke8 36. Rxe7+ Kd8 37.
Rf7 Bxf5 38. Rf8+ Kd7 39. Rxa8 c6 40. Rxa7 Kc7 41. Ra4 Be6 42. Rb4 b5 43. a4 Kb6 44.
axb5 cxb5 45. h4 Ka5 46. Rxc4 Bxc4 47. Ke3 Kb4 48. Kd4 Kb3 49. Kc5 Kxb2 50. Kb4 Kc2 51. g4 Kd3 52. g5 fxg5 53. hxg5 hxg5 54. Kc5 g4 0-1

[Event "Live Chess"]
[Site "Chess.com"]
[Date "2023.09.16"]
[Round "-"]
[White "ABC2009V"]
[Black "z_anne_ari"]
[Result "1-0"]
[WhiteElo "2005"]
[BlackElo "1257"]
[TimeControl "900+5"]
[EndTime "7:40:19 PDT"]
[Termination "ABC2009V venceu por desistência"]

1. e4 e5 2. Nf3 Nc6 3. d4 exd4 4. Nxd4 Nxd4 5. Qxd4 d6 6. Bc4 Nf6 7. O-O Bd7 8. Nc3 c5 9. Qd1 Be7 10. Bg5 O-O 11.
Bxf6 Bxf6 12. Nd5 Bxb2 13. Rb1 Be5 14. Rxb7 Bc6 15. Rb3 Qh4 16. g3 Qxe4 17. Ne7+ Kh8 18. Nxc6 Qxc6 19. Bd5 Qd7 20. Bxa8 Rxa8 21. Qf3 h5 22.
Qxa8+ Kh7 23. Qe4+ g6 24. Rd1 Bf6 25. Rb7 Qf5 26.
Rxf7+ Kh6 27. Qxf5 gxf5 28. Rxf6+ 1-0

[Event "Live Chess"]
[Site "Chess.com"]
[Date "2023.09.16"]
[Round "-"]
[White "Edson_Zarnelli"]
[Black "Abofado"]
[Result "1-0"]
[WhiteElo "789"]
[BlackElo "569"]
[TimeControl "900+5"]
[EndTime "7:40:38 PDT"]
[Termination "Edson_Zarnelli venceu por desistência"]

1. e4 c6 2. Nf3 d5 3. exd5 cxd5 4. Nc3 e5 5. Nxe5 Qa5 6. Qf3 d4 7. Qxf7+ Kd8 8. Qxf8+ Kc7 9. Qxg7+ Kd8 10. Nf7+ Ke8 11. Bb5+ Bd7 12. Bxd7+ Nxd7 13. Nd6+ Kd8 14. Qxh8 Nc5 15.
Qxg8+ Kc7 16. Qxa8 Ne6 17. Qxb7+ Kxd6 18. Ne4+ Ke5 19.
Qxh7 Kf4 20. Qf7+ Kxe4 21. Qxe6+ Kf4 1-0

[Event "Live Chess"]
[Site "Chess.com"]
[Date "2023.09.16"]
[Round "-"]
[White "IanFLS"]
[Black "brenin12345"]
[Result "1-0"]
[WhiteElo "1875"]
[BlackElo "768"]
[TimeControl "900+5"]
[EndTime "7:40:55 PDT"]
[Termination "IanFLS venceu por xeque-mate"]

1. e4 e5 2. Nf3 Nc6 3. Bb5 Nf6 4. O-O a6 5. Ba4 Bc5 6. Re1 d5 7. exd5 Qxd5 8. Bxc6+ bxc6 9. Rxe5+ Qxe5 10. Nxe5 Bd7 11. Nxd7 Nxd7 12. Qe2+ Be7 13. d4 O-O 14. Be3 Rfb8 15.
c3 c5 16. Nd2 Rxb2 17. Rb1 Rxa2 18. Qc4 Ra5 19. g3 Rb8 20. Rxb8+ Nxb8 21. dxc5 Nc6 22.
Qd5 Nd8 23. Nc4 c6 24. Qd7 Ne6 25. Nxa5 Nxc5 26. Bxc5 Bxc5 27. Qe8+ Bf8 28. Nxc6 a5 29.
Ne7+ Kh8 30. Qxf8# 1-0

[Event "Live Chess"]
[Site "Chess.com"]
[Date "2023.09.16"]
[Round "-"]
[White "GabrielGGCF"]
[Black "MateusLuan08"]
[Result "0-1"]
[WhiteElo "1379"]
[BlackElo "1565"]
[TimeControl "900+5"]
[EndTime "7:42:06 PDT"]
[Termination "MateusLuan08 venceu por desistência"]

1. e4 e6 2. d4 d5 3. exd5 exd5 4. Qe2+ Be6 5. Nc3 Nf6 6. Nf3 Bb4 7. Bd2 O-O 8. a3 Ba5 9. b4 Bb6 10. Qd3 Nc6 11. Bg5 h6 12. Bf4 Re8 13. Ne5 Bxd4 14. Nxc6 Bxc3+ 15. Qxc3 bxc6 16. Qxc6 Bd7+ 0-1

[Event "Live Chess"]
[Site "Chess.com"]
[Date "2023.09.16"]
[Round "-"]
[White "Giulliajapa007"]
[Black "danilo655"]
[Result "0-1"]
[WhiteElo "991"]
[BlackElo "751"]
[TimeControl "900+5"]
[EndTime "7:42:35 PDT"]
[Termination "danilo655 venceu por xeque-mate"]

1. e4 c5 2. Nf3 Nc6 3. Bb5 Nd4 4. Nxd4 cxd4 5. d3 a6 6. Bc4 g6 7. c3 Bg7 8. cxd4 Bxd4 9. Nc3 e6 10. Bd2 b5 11. Bb3 b4 12. Na4 a5 13. O-O Ba6 14. Bc4 Nf6 15. Bxa6 Rxa6 16. Bg5 Qb8 17. Rc1 h5 18. b3 Ng4 19. Be3 Qxh2# 0-1

[Event "Live Chess"]
[Site "Chess.com"]
[Date "2023.09.16"]
[Round "-"]
[White "IanFLS"]
[Black "Abofado"]
[Result "1-0"]
[WhiteElo "1875"]
[BlackElo "569"]
[TimeControl "900+5"]
[EndTime "7:42:35 PDT"]
[Termination "IanFLS venceu por xeque-mate"]

1. e4 c6 2. d4 d5 3. f3 dxe4 4. fxe4 e5 5. Nf3 exd4 6. Qxd4 Qf6 7. Nc3 Na6 8. Bg5 Bc5 9. Bxf6 Bxd4 10. Bxd4 Nb4 11.
O-O-O Be6 12. Bxg7 Bxa2 13. Nxa2 Nxa2+ 14. Kb1 Nb4 15. Bxh8 Ne7 16. Bf6 Nc8 17. Rd8# 1-0

[Event "Live Chess"]
[Site "Chess.com"]
[Date "2023.09.16"]
[Round "-"]
[White "KBT2007"]
[Black "AnthonyGabriel1"]
[Result "1/2-1/2"]
[WhiteElo "1903"]
[BlackElo "2177"]
[TimeControl "900+5"]
[EndTime "7:42:44 PDT"]
[Termination "Partida empatada por acordo"]

1. d4 d5 2. c4 e6 3. Nf3 Nf6 4. cxd5 exd5 5. g3 c6 6. Bg2 Bd6 7. O-O O-O 8. Bg5 h6 9. Bxf6 Qxf6 10. Nc3 Re8 11. e3 Nd7 12. a3 Nf8 13. b4 Bg4 14. b5 Ne6 15. h3 Bh5 16. e4 Ng5 17. g4 Nxf3+ 18. Bxf3 Qf4 19. e5 Rxe5 20. dxe5 Bxe5 21.
Re1 Qh2+ 22. Kf1 Bg6 23. Rc1 Qxh3+ 24. Bg2 Qh2 25. Re3 Qf4 26. Qf3 Qc4+ 27. Kg1 Bd4 28.
Re7 Rf8 29. Bf1 Qc5 30. Rxb7 Be4 31. Qg3 Qxa3 32. Nxe4 Qxc1 33. Nd6 Qe1 34. Qf3 Qe6 35. Nf5 Bf6 36. bxc6 Qxc6 37. Rxa7 Rb8 38. Ne7+ Bxe7 39. Rxe7 Qg6 40. Bh3 h5 41. Qg3 Rb1+ 42. Kg2 hxg4 43. Qxg4 Qxg4+ 44. Bxg4 g6 45. Rd7 Rb4 46. Bf3 Rf4 47.
Bxd5 Kg7 48. Kg3 g5 49. Bb3 Kg6 50. Rd8 Kg7 1/2-1/2

[Event "Live Chess"]
[Site "Chess.com"]
[Date "2023.09.16"]
[Round "-"]
[White "zxsimon"]
[Black "KiwiDoFbi"]
[Result "0-1"]
[WhiteElo "1475"]
[BlackElo "1309"]
[TimeControl "900+5"]
[EndTime "7:42:44 PDT"]
[Termination "KiwiDoFbi venceu por xeque-mate"]

1. e4 c5 2. Nf3 e6 3. d4 cxd4 4.
Nxd4 Nc6 5. Nc3 Bc5 6. Be3 Qb6 7.
Na4 Qa5+ 8. Nc3 Nge7 9. Nxc6 Nxc6 10. Bxc5 Qxc5 11. Qf3 Nd4 12. Qd1 b5 13. a3 a6 14.
Qd3 Bb7 15. b4 Qe5 16. f4 Qd6 17. e5 Qb6 18. Be2 O-O 19. O-O-O Nxe2+ 20. Nxe2 Rac8 21. h4 Bxg2 22. Rhg1 Bd5 23. h5 a5 24. h6 g6 25.
Rg3 axb4 26. Rdg1 Bc4 27. Rxg6+ fxg6 28. Rxg6+ Kh8 29. Qxd7 Qe3+ 30. Kb2 Qxa3+ 31. Kb1 Ba2+ 32. Ka1 Bb3+ 33. Kb1 Qa2+ 34. Kc1 Qxc2# 0-1

[Event "Live Chess"]
[Site "Chess.com"]
[Date "2023.09.16"]
[Round "-"]
[White "Francisco_Ferrari"]
[Black "lucasportolelis"]
[Result "1/2-1/2"]
[WhiteElo "2168"]
[BlackElo "1702"]
[TimeControl "900+5"]
[EndTime "7:42:50 PDT"]
[Termination "Empate por repetição"]

1. e4 e5 2. Nf3 Nc6 3. Bc4 Bc5 4. c3 Nf6 5. d4 exd4 6. e5 d5 7. Bb5 Ne4 8. cxd4 Bb6 9. Nc3 O-O 10. Be3 Bg4 11. h3 Bh5 12. Qc2 Ba5 13. O-O Bxf3 14.
gxf3 Nxd4 15. Bxd4 Qg5+ 16. Kh1 Bxc3 17. bxc3 Qf5 18.
fxe4 Qxh3+ 19. Kg1 Qg4+ 20. Kh1 Qh3+ 21. Kg1 Qg4+ 22.
Kh1 Qh3+ 1/2-1/2

[Event "Live Chess"]
[Site "Chess.com"]
[Date "2023.09.16"]
[Round "-"]
[White "abaakate"]
[Black "maylso"]
[Result "1-0"]
[WhiteElo "1917"]
[BlackElo "1433"]
[TimeControl "900+5"]
[EndTime "7:43:17 PDT"]
[Termination "abaakate venceu por desistência"]

1. d4 Nf6 2. c4 g6 3. Nc3 Bg7 4. e4 d6 5. Nf3 O-O 6. Be2 e5 7.
d5 Nbd7 8. O-O Ne8 9. b4 f5 10. exf5 gxf5 11. Bb2 Ndf6 12. c5 f4 13. Qc2 Nh5 14.
Nxe5 dxe5 15. Bxh5 Bf5 16. Qb3 Kh8 17. Rad1 Qg5 18.
Bf3 Bh3 19. Ne4 Qg6 20. Kh1 Bf5 21. Rfe1 Nf6 22. Nxf6 Bxf6 23. d6 cxd6 24. Rxd6 e4 25.
Rxf6 Rxf6 26. Bh5 Qg5 27. Qf7 Rf8 28. Qxf8+ 1-0

[Event "Live Chess"]
[Site "Chess.com"]
[Date "2023.09.16"]
[Round "-"]
[White "augustodemoraisrocha"]
[Black "fernanndodod"]
[Result "0-1"]
[WhiteElo "1459"]
[BlackElo "1944"]
[TimeControl "900+5"]
[EndTime "7:44:14 PDT"]
[Termination "fernanndodod venceu por desistência"]

1. e4 e5 2. Nf3 Nc6 3. Bb5 a6 4. Ba4 Nf6 5. Nc3 Be7 6. Bxc6 dxc6 7. d4 exd4 8. Qxd4 Qxd4 9. Nxd4 O-O 10. Bg5 Re8 11.
Bxf6 Bxf6 12. O-O-O Be6 13. Nxe6 Rxe6 14. Rhe1 Bxc3 15.
bxc3 Rd6 16. e5 Rd5 17. Rxd5 cxd5 18. Rd1 c6 19. Kb2 Kf8 20. Kb3 Ke7 21. c4 Ke6 22.
cxd5+ cxd5 23. Re1 Rc8 24. Re2 Rc6 25. Kb4 b6 26. a4 Rc4+ 27. Kb3 Re4 28. Rxe4 dxe4 29. Kc4 Kxe5 30. g3 f5 31. a5 bxa5 32. Kb3 g5 33.
Ka4 f4 34. Kxa5 e3 35. fxe3 fxe3 36. c4 e2 0-1

[Event "Live Chess"]
[Site "Chess.com"]
[Date "2023.09.16"]
[Round "-"]
[White "Torugomilho11"]
[Black "zezemito921"]
[Result "1-0"]
[WhiteElo "1152"]
[BlackElo "916"]
[TimeControl "900+5"]
[EndTime "7:44:30 PDT"]
[Termination "Torugomilho11 venceu por desistência"]

1. e4 e5 2. Nf3 Nc6 3. Bc4 Nf6 4. O-O Be7 5. Nc3 O-O 6. d3 d6 7. Bg5 Bg4 8. h3 Bxf3 9. Qxf3 Nd4 10. Qd1 a6 11.
Nd5 b5 12. Nxe7+ Qxe7 13. Bd5 c6 14. Bb3 a5 15. c3 Nxb3 16. Qxb3 a4 17. Qd1 h6 18.
Bh4 d5 19. exd5 cxd5 20. Re1 e4 21. dxe4 dxe4 22. Qd4 g5 23. Bg3 h5 24. Be5 Kg7 25. Bd6 Qd7 26. Bxf8+ Kxf8 27. Qxd7 Nxd7 28. Rxe4 Re8 29.
Rxe8+ Kxe8 30. Re1+ Kf8 31. Kh2 Nf6 32. Re5 g4 33.
Rxb5 gxh3 34. gxh3 Ne4 35. Kg2 1-0

[Event "Live Chess"]
[Site "Chess.com"]
[Date "2023.09.16"]
[Round "-"]
[White "Edson_Zarnelli"]
[Black "z_anne_ari"]
[Result "0-1"]
[WhiteElo "788"]
[BlackElo "1258"]
[TimeControl "900+5"]
[EndTime "7:44:46 PDT"]
[Termination "z_anne_ari venceu por desistência"]

1. e4 d5 2. exd5 Qxd5 3. Nc3 Qa5 4. Bc4 Nf6 5. Nf3 Bg4 6. O-O c6 7. Be2 Bxf3 8. Bxf3 Nbd7 9. Ne4 Nxe4 10. Bxe4 O-O-O 11. c3 Nf6 12. Qf3 Nxe4 13. Qxe4 e6 14. b4 Qc7 15. d3 Be7 16. Bf4 Bd6 17. Bxd6 Rxd6 18. c4 f5 19. Qe5 Re8 20. Rad1 Rd7 21. a3 Qxe5 22. d4 Rxd4 23.
Rxd4 Qxd4 24. c5 Rd8 0-1

[Event "Live Chess"]
[Site "Chess.com"]
[Date "2023.09.16"]
[Round "-"]
[White "Abofado"]
[Black "maylso"]
[Result "0-1"]
[WhiteElo "569"]
[BlackElo "1433"]
[TimeControl "900+5"]
[EndTime "7:44:55 PDT"]
[Termination "maylso venceu por desistência"]

1. e4 e5 2. Nf3 Nc6 3. d4 d6 4. dxe5 dxe5 5. Nxe5 Qxd1+ 6. Kxd1 Nxe5 7. Bf4 Bd6 8. Bc4 Nf6 9. Nc3 O-O 10. Nb5 Nxc4 11. Nxd6 0-1

[Event "Live Chess"]
[Site "Chess.com"]
[Date "2023.09.16"]
[Round "-"]
[White "Ggavioli"]
[Black "Mozart5501"]
[Result "0-1"]
[WhiteElo "1555"]
[BlackElo "1787"]
[TimeControl "900+5"]
[EndTime "7:45:07 PDT"]
[Termination "Mozart5501 venceu por xeque-mate"]

1. e4 e5 2. Nf3 Nc6 3. Bb5 a6 4. Bxc6 dxc6 5. Nc3 f6 6. d3 Bb4 7. Bd2 Bg4 8. a3 Bxc3 9. Bxc3 Bxf3 10. Qxf3 Ne7 11.
Qg3 O-O 12. O-O Qd6 13. Bb4 c5 14. Bc3 Rae8 15. f4 exf4 16. Qxf4 Qxf4 17. Rxf4 Ng6 18. Rf5 Ne5 19. Bxe5 Rxe5 20. Raf1 Rfe8 21. g3 c4 22.
Rxe5 Rxe5 23. Kf2 cxd3 24. cxd3 Rb5 25. Rb1 Kf7 26. Ke3 Ke6 27. b4 a5 28. h3 c5 29. Kd2 axb4 30. axb4 Rxb4 31. Rc1 b6 32. Ke3 Ke5 33. Rf1 Rb3 34. Rf5+ Ke6 35. Rd5 g6 36. Rd8 b5 37. Re8+ Kf7 38. Rb8 c4 39. Rb7+ Ke6 40.
Rxh7 Rxd3+ 41. Kf4 b4 42. Rb7 b3 43. Rb6+ Kf7 44. Rb7+ Ke8 45. e5 fxe5+ 46. Kxe5 Rxg3 47. Ke6 Re3+ 48. Kf6 Rxh3 49. Kxg6 Rd3 50. Kf6 Rd7 51. Rb8+ Rd8 52. Rb4 Rc8 53. Ke6 c3 54. Rh4 Rc6+ 55.
Kd5 Rf6 56. Ke5 Rc6 57. Kd5 Rg6 58. Rh8+ Kf7 59. Rh7+ Rg7 60. Rh3 c2 61. Rf3+ Kg8 62.
Rxb3 c1=Q 63. Rb8+ Kh7 64. Ke4 Re7+ 65. Kd5 Qd2+ 66.
Kc6 Qd7+ 67. Kc5 Re5+ 68. Kb6 Qb5+ 69. Kc7 Rc5+ 70. Kd6 Qc6+ 71. Ke7 Re5+ 72. Kf7 Qe6+ 73. Kf8 Qe7# 0-1